 Dungeon Crawl Stone Soup version 0.25-a0-424-g80bd347ae0 (webtiles) character file.

Game seed: 8064005171117418408, levelgen mode: deterministic

194 kae the Gusty (level 5, -1/38 HPs)
             Began as a Draconian Air Elementalist on Jan 23, 2020.
             Succumbed to a kobold's poison
             ... on level 3 of the Dungeon.
             The game lasted 00:03:35 (4318 turns).

kae the Gusty (Draconian Air Elementalist)          Turns: 4318, Time: 00:03:35

Health: -1/38      AC:  5    Str: 10 (11) XL:     5   Next: 44%
Magic:  9/18       EV: 11    Int: 15 (16) God:
Gold:   165        SH:  4    Dex:  9 (11) Spells: 4/10 levels left

rFire    . . .     SeeInvis .   h - +0 hand axe
rCold    . . .     Gourm    .   a - +2 buckler
rNeg     . . .     Faith    .   (armour unavailable)
rPois    .         Spirit   .   (helmet restricted)
rElec    .         Reflect  .   (no cloak)
rCorr    +         Harm     .   (no gloves)
MR       .....                  (no boots)
Stlth    ++........             (no amulet)
HPRegen  0.12/turn              g - ring of magical power
MPRegen  0.16/turn              k - ring of resist corrosion

@: lethally poisoned (-1 -> -29), very slightly contaminated
A: unfitting armour, cold-blooded, AC +5
a: no special abilities


You were on level 3 of the Dungeon.
You were not hungry.

You visited 1 branch of the dungeon, and saw 3 of its levels.

You collected 165 gold pieces.

Inventory:

Hand Weapons
 h - a +0 hand axe (weapon)
Armour
 a - a +2 buckler (worn)
Jewellery
 g - a ring of magical power (left hand)
 k - a ring of resist corrosion (right hand)
Scrolls
 c - a scroll of identify
 e - 3 scrolls of remove curse
 j - a scroll of magic mapping
 l - a scroll of fear {unknown}
Potions
 d - a potion of ambrosia
 f - a potion of flight
 m - a potion of brilliance
 n - a potion of lignification {unknown}
Comestibles
 b - 5 rations


   Skills:
 - Level 1.7 Dodging
 - Level 1.7 Stealth
 + Level 3.1 Spellcasting
 + Level 2.7 Conjurations
 * Level 4.9 Air Magic


You had 4 spell levels left.
You knew the following spells:

 Your Spells              Type           Power        Failure   Level  Hunger
a - Shock                 Conj/Air       ##..         7%          1    #......
b - Static Discharge      Conj/Air       ##......     21%         3    ###....
c - Swiftness             Chrm/Air       #.......     19%         2    ##.....

Your spell library contained the following spells:

 Spells                   Type           Power        Failure   Level  Hunger
 Airstrike                Air            ###.......   41%         4    #####..
 Lightning Bolt           Conj/Air       ##........   88%         5    ######.


Dungeon Overview and Level Annotations

Branches:
Dungeon (3/15)

Altars:
Fedhas
Yredelemnul
The Shining One


Innate Abilities, Weirdness & Mutations

Your plain brown scales are hard. (AC +5)
You cannot fit into any form of body armour.
You are cold-blooded and may be slowed by cold attacks.


Message History

You are very lightly contaminated with residual magic.
You hear a whooshing sound.
* * * LOW HITPOINT WARNING * * *
You feel very sick. The adder bites you.
* * * LOW HITPOINT WARNING * * *
The kobold hits you.
* * * LOW HITPOINT WARNING * * *
The adder bites you.
* * * LOW HITPOINT WARNING * * *
Casting: Static Discharge (safe; 22% risk of failure)
Confirm with . or Enter, or press ? or * to list all spells.
The kobold is struck by an arc of lightning.
You kill the kobold!
The adder is struck by an arc of lightning.
You kill the adder!
The lightning grounds out.
* * * LOW HITPOINT WARNING * * *
You feel sick.
You die...

*******,,,,* *,***,,,,,,,,#...
*,,,,,,,,,,* *.###.^.,,,,,#.##
**,****,,,,#####.......,,,,,#)#.
*,* *,,,,#..........#****,#.#.
*,* *,,,,#..........# *,#.## *,*
**#,*#=.........# *,#...
*,*****#.*#..........# *,#.##
*,*,,,,#.##...†......#****,#.#.
*,*,#.##.....<@)......,,,,,#.#.
*,*,......(.##########*****#.##
**,**#.#####.#.....####### #...
*,,,,,,* #.#....>+.....# ##.##
******** #.#.....#####.###..##
#.####.#............. #.#
#.#†#..#.####### #.#
#.#.####.#.<.... #.#
#.#......#..#*#.


There were no monsters in sight!

Vanquished Creatures
  An orc priest (D:2)
  Terence (D:3)
  6 adders
  A worm (D:2)
  3 dart slugs (D:1)
  2 leopard geckos
  5 orcs
  6 bats
  6 giant cockroaches
  14 hobgoblins
  2 jackals (D:2)
  2 ball pythons (D:1)
  3 goblins
  9 kobolds
  12 rats
  A plant (D:1)
74 creatures vanquished.

Vanquished Creatures (others)
  2 orcs (D:2)
  A kobold (D:2)
3 creatures vanquished.

Grand Total: 77 creatures vanquished

Notes
Turn   | Place    | Note
-------+----------+-------------------------------------------
     0 | D:1      | kae the Draconian Air Elementalist began the quest for the
                  | Orb.
     0 | D:1      | Reached XP level 1. HP: 14/14 MP: 3/3
   302 | D:1      | Reached XP level 2. HP: 20/20 MP: 0/5
   832 | D:1      | Reached XP level 3. HP: 24/26 MP: 6/6
  1652 | D:2      | Found a blossoming altar of Fedhas.
  1784 | D:2      | Found a glowing golden altar of the Shining One.
  1789 | D:2      | Found a basalt altar of Yredelemnul.
  1791 | D:2      | Noticed a profane servitor
  1855 | D:2      | Noticed Terence
  2115 | D:2      | Reached skill level 4 in Air Magic
  2338 | D:2      | Reached XP level 4. HP: 32/33 MP: 7/7
  2468 | D:2      | Learned a level 3 spell: Static Discharge
  2471 | D:2      | Learned a level 2 spell: Swiftness
  3037 | D:2      | Noticed an angel
  3199 | D:3      | Reached XP level 5. HP: 28/38 MP: 9/9
  3805 | D:3      | Found a faded altar of an unknown god.
  4158 | D:3      | Killed Terence
  4317 | D:3      | HP: 1/38 [poisoned by a kobold]
  4318 | D:3      | Succumbed to a kobold's poison

Levels and vault maps discovered:
D:1:      elethiomel_arrival_infinity_welcomes_careful_drivers, layout_basic,
          serial_forest, infiniplex_forest_clump_large,
          infiniplex_forest_straight_2, infiniplex_forest_lined_corner,
          infiniplex_forest_corner_1, infiniplex_forest_clump_C,
          infiniplex_forest_lined_corner, minmay_tromino_v2
D:2:      layout_loops_cross, grunt_temple_overflow_holy_war, fedhas_altar_2,
          lemuel_old_faithful, uniq_terence
D:3:      minmay_door_path, layout_basic, nicolae_qazlal_general_emergency,
          first_ration, chequers_ecumenical_altar_simple_redux

Skill      XL: |  1  2  3  4  5 |
---------------+----------------+-----
Conjurations   | 2 |  2.7
Air Magic      | 4 |  4.9
Spellcasting   | 3 |  3.1
Dodging        | |  1.7
Stealth        | |  1.7

Action                   |  1- 3 |  4- 6 || total
-------------------------+-------+-------++-------
Melee: Unarmed           |    17 |       ||    17
       Club              |    32 |       ||    32
       Tailslap          |    20 |     1 ||    21
       Hand axe          |   131 |    36 ||   167
 Cast: Shock             |    34 |    56 ||    90
       Static Discharge  |       |     5 ||     5
       Swiftness         |       |     1 ||     1
  Use: Scroll            |       |     6 ||     6
       Potion            |       |     5 ||     5
  Eat: Chunk             |     4 |     9 ||    13
Armor: Skin              |    36 |    25 ||    61
Dodge: Dodged            |    80 |    43 ||   123
Block: Buckler           |    45 |    13 ||    58

Table legend:
 A = Non-vault XP
 B = Vault XP
 C = Vault XP percentage of total XP
 D = Non-vault monster count
 E = Vault monster count
 F = Vault count percentage of total count
                 A         B        C        D         E       F
            +---------+---------+-------+---------+---------+-------
      Total |     214 |      64 |  23.0 |      68 |       5 |   6.8
            +---------+---------+-------+---------+---------+-------
        D:1 |      59 |       1 |   1.7 |      32 |       1 |   3.0
        D:2 |     106 |       0 |   0.0 |      21 |       0 |   0.0
        D:3 |      49 |      63 |  56.2 |      15 |       4 |  21.1
            +---------+---------+-------+---------+---------+-------
